 Dungeon Crawl Stone Soup version 0.18.1-50-g88ac8fd (webtiles) character file.

1106 raph the Slicer (level 8, 0/48 HPs)
             Began as a Kobold Berserker on Oct 25, 2016.
             Was a Priest of Trog.
             Killed from afar by an orc warrior (24 damage)
             ... with a wand of lightning
             ... on level 6 of the Dungeon.
             The game lasted 00:09:33 (5025 turns).

raph the Slicer (Kobold Berserker)                  Turns: 5025, Time: 00:09:34

Health: 0/48       AC:  7    Str: 16    XL:     8   Next: 58%
Magic:  8/8        EV: 15    Int:  5    God:    Trog [***...]
Gold:   253        SH:  0    Dex: 17    Spells: 0 memorised, 7 levels left

rFire  . . .     SeeInvis .     a - +2 short sword
rCold  . . .     Gourm    .     f - +1 ring mail
rNeg   . . .     Faith    .     (shield restricted)
rPois  .         Spirit   .     j - +0 helmet
rElec  .         Dismiss  .     (no cloak)
rCorr  .         Reflect  .     (no gloves)
SustAt .         Harm     .     (no boots)
MR     .....                    (no amulet)
Stlth  +.........               (no ring)
                                (no ring)

@: exhausted, slowed, very slow, not resistant to hostile enchantments, very
unstealthy
A: carnivore 3
a: Berserk, Trog's Hand, Burn Spellbooks, Renounce Religion


You were on level 6 of the Dungeon.
You worshipped Trog.
Trog was most pleased with you.
You were full.

You visited 1 branch of the dungeon, and saw 6 of its levels.

You collected 253 gold pieces.

Inventory:

Hand Weapons
 a - a +2 short sword (weapon)
Missiles
 d - 7 tomahawks (quivered)
Armour
 b - a +0 animal skin
 e - a +0 chain mail
 f - a +1 ring mail (worn)
 j - a +0 helmet (worn)
Scrolls
 m - a scroll of identify
 o - 4 scrolls of remove curse
Potions
 g - a potion of agility {unknown}
 h - 2 potions of resistance
 i - a potion of ambrosia {unknown}
 k - a potion of invisibility
 n - a potion of heal wounds
 p - 7 potions of curing
 q - a potion of haste {unknown}
Comestibles
 c - 3 meat rations
 l - a beef jerky


   Skills:
 + Level 4.3 Fighting
 * Level 11.4 Short Blades
 + Level 2.5 Armour
 + Level 4.0 Dodging


You had 7 spell levels left.
You didn't know any spells.

Dungeon Overview and Level Annotations

Branches:
Dungeon (6/15)             Temple (0/1) D:5

Altars:
Cheibriados
Kikubaaqudgha
Nemelex Xobeh
Okawaru
Qazlal
Sif Muna
Yredelemnul

Annotations:
D:3 raph's ghost, amateur KoEn


Innate Abilities, Weirdness & Mutations

You are small and have problems with some larger weapons.
You are carnivorous and can eat meat at any time.


Message History

The orc warrior misses you.
You're too exhausted to go berserk.
You hit the orc warrior.
The orc warrior is lightly wounded.
The orc warrior closely misses you.
You closely miss the orc warrior.
The orc warrior is lightly wounded.
The orc warrior closely misses you.
A jackal comes into view.
The jackal barks!
You puncture the orc warrior!
The orc warrior is moderately wounded.
You puncture the orc warrior!
The orc warrior is severely wounded.
The orc warrior zaps a wand.
The bolt of lightning misses you.
You hit the orc warrior.
The orc warrior is severely wounded.
The orc warrior zaps a wand.
The bolt of lightning hits you!
Ouch! That really hurt!
You die...

#.# #.# #.# #
###.#.# .# ..#o#.#
.####.
###.#.#.###......
...#.#.#<..####.
..#.#.#........
#.#.#@#.#.###..
##.#.#.#o#.#.###.#
#>...(((o.........
#..###.#.#.#.###.#
# .#.#h#.#.#.###.
.................
#.#...#..)......#
#.#.#.!.......#
.....#...#..#.##


You could see an orc warrior, an orc and a jackal.

Vanquished Creatures
  Grinder (D:6)
  2 ogres (D:5)
  Blork the orc (D:5)
  2 scorpions (D:5)
  2 howler monkeys
  3 crimson imps
  2 hounds
  3 giant frog skeletons
  2 orc wizards (D:4)
  7 gnolls
  A howler monkey skeleton (D:4)
  3 adders
  An ooze (D:3)
  An adder skeleton (D:4)
  A worm (D:2)
  A dart slug (D:2)
  4 giant geckos
  11 orcs
  5 giant cockroaches
  7 goblins
  7 hobgoblins
  8 kobolds
  6 quokkas
  A ball python (D:3)
  8 bats
  3 giant newts
  A jackal zombie (D:5)
  7 rats
101 creatures vanquished.

Notes
Turn   | Place    | Note
--------------------------------------------------------------
     0 | D:1      | raph the Kobold Berserker began the quest for the Orb.
     0 | D:1      | Reached XP level 1. HP: 14/14 MP: 1/1
   155 | D:1      | Reached XP level 2. HP: 15/19 MP: 2/2
   260 | D:1      | Reached skill level 5 in Short Blades
   451 | D:1      | Reached XP level 3. HP: 23/23 MP: 3/3
   754 | D:1      | Reached ** piety under Trog
  1219 | D:2      | Found a faded altar to an unknown god.
  1230 | D:2      | Found a stormy altar of Qazlal.
  1231 | D:2      | Found a sparkling altar of Nemelex Xobeh.
  1231 | D:2      | Found a basalt altar of Yredelemnul.
  1238 | D:2      | Reached skill level 6 in Short Blades
  1392 | D:2      | Reached XP level 4. HP: 28/28 MP: 4/4
  1746 | D:2      | Found a deep blue altar of Sif Muna.
  2119 | D:3      | Reached skill level 7 in Short Blades
  2119 | D:3      | Reached XP level 5. HP: 32/32 MP: 5/5
  2704 | D:3      | Noticed raph's ghost (amateur KoEn)
  3113 | D:4      | Reached skill level 8 in Short Blades
  3113 | D:4      | Reached XP level 6. HP: 21/37 MP: 6/6
  3480 | D:4      | Reached skill level 9 in Short Blades
  3720 | D:4      | Reached XP level 7. HP: 40/41 MP: 7/7
  3744 | D:5      | Entered Level 5 of the Dungeon
  3763 | D:5      | Found an ancient bone altar of Kikubaaqudgha.
  3863 | D:5      | Reached skill level 10 in Short Blades
  3938 | D:5      | Found an iron altar of Okawaru.
  4122 | D:5      | Found a staircase to the Ecumenical Temple.
  4394 | D:5      | Found a snail-covered altar of Cheibriados.
  4427 | D:5      | Reached *** piety under Trog
  4673 | D:5      | Reached XP level 8. HP: 46/46 MP: 8/8
  4771 | D:5      | Noticed Blork the orc
  4786 | D:5      | Reached skill level 11 in Short Blades
  4795 | D:5      | Killed Blork the orc
  4985 | D:6      | Noticed Grinder
  4994 | D:6      | Paralysed by Grinder for 4 turns
  5003 | D:6      | Killed Grinder
  5025 | D:6      | Killed from afar by an orc warrior

Skill      XL: |  1  2  3  4  5  6  7  8 |
---------------+-------------------------+-----
Short Blades   | 5 6 7 8 9 10 11 | 11.4
Armour         | 2 |  2.5
Dodging        | 4 |  4.0
Fighting       | 4 |  4.3

Action                   |  1- 3 |  4- 6 |  7- 9 || total
-------------------------+-------+-------+-------++-------
Melee: Short sword       |   135 |   219 |   101 ||   455
Throw: Tomahawk          |       |     2 |       ||     2
Invok: Berserk           |     2 |     4 |     5 ||    11
       Trog's Hand       |       |     1 |     1 ||     2
  Use: Scroll            |       |     9 |     5 ||    14
 Stab: Sleeping          |     1 |       |       ||     1
  Eat: Chunk             |    11 |    12 |     6 ||    29
Armor: Ring mail         |    26 |    42 |    18 ||    86
Dodge: Dodged            |    81 |   109 |    60 ||   250
